 Dungeon Crawl Stone Soup version 0.30.0-30-g96aa6591b8 (webtiles) character file.

Game seed: 1867643514173769719

39 croobank the Firebug (level 3, 0/22 HPs)
             Began as an Octopode Fire Elementalist on June 26, 2023.
             Killed by nerve-wracking pain
             ... invoked by an orc priest
              (14 damage)
             ... on level 2 of the Dungeon.
             The game lasted 00:03:04 (1086 turns).

croobank the Firebug (Octopode Fire Elementalist)   Turns: 1086, Time: 00:03:04

Health: 0/22       AC:  1    Str:  7    XL:     3   Next: 47%
Magic:  6/6        EV: 13    Int: 19    God:
Gold:   64         SH:  0    Dex: 12    Spells: 0/6 levels left

rFire   . . .        a - +2 dagger (venom)
rCold   . . .        (no shield)
rNeg    . . .        (helmet restricted)
rPois   .            (no amulet)
rElec   .            (no ring)
rCorr   .            (no ring)
SInv    .            (no ring)
Will    .....        (no ring)
Stlth   +++          (no ring)
HPRegen 0.23/turn    (no ring)
MPRegen 0.10/turn    (no ring)
                     (no ring)

%: no passive effects
@: no status effects
A: almost no armour, amphibious, 8 rings, camouflage 1, gelatinous body 1,
(nimble swimmer 1), tentacles
a: no special abilities


You were on level 2 of the Dungeon.
You visited 1 branch of the dungeon, and saw 2 of its levels.

You collected 84 gold pieces.
You spent 20 gold pieces at shops.

Inventory:

Hand Weapons
 a - a +2 dagger of venom (weapon)
Scrolls
 b - 4 scrolls of identify
 d - a scroll of blinking {unknown}
 e - a scroll of immolation {unknown}
 g - a scroll of poison {unknown}
 h - a scroll of fog {unknown}
 j - a scroll of brand weapon {unknown}
Potions
 c - a potion of attraction
 f - 2 potions of magic
 i - a potion of might {unknown}


   Skills:
 + Level 0.6 Fighting
 + Level 2.4 Dodging
 + Level 3.2 Stealth
 + Level 2.2 Spellcasting
 + Level 1.6 Conjurations
 + Level 3.3 Fire Magic


You couldn't memorise any spells.
You knew the following spells:

 Your Spells              Type           Power      Damage    Failure   Level
a - Foxfire               Conj/Fire      44%        2x1d6     6%          1
b - Scorch                Fire           28%        2d6       6%          2
c - Inner Flame           Hex/Fire       8%         N/A       26%         3

Your spell library contained the following spells:

 Spells                   Type           Power      Damage    Failure   Level
 Blink                    Tloc           4%         N/A       26%         2
 Volatile Blastmotes      Fire/Tloc      16%        2d11      26%         3
 Flame Wave               Conj/Fire      11%        2d6       52%         4
 Sticky Flame             Conj/Fire      11%        2d3       52%         4
 Fulminant Prism          Conj/Hex       2%         3d5       75%         4
 Iskenderun's Mystic Bla  Conj/Tloc      5%         2d3       75%         4
 Manifold Assault         Tloc           2%         N/A       86%         4
 Lee's Rapid Deconstruct  Erth           1%         3d4*      99%         5
 Yara's Violent Unravell  Hex/Tmut       1%         3d3       99%         5
 Enfeeble                 Hex            1%         N/A       100%        7
 Storm Form               Tmut/Air       1%         N/A       100%        7


Dungeon Overview and Level Annotations

Branches:
Dungeon (2/15)

Altars:

Shops:
D:1 ?


Innate Abilities, Weirdness & Mutations

You cannot wear most types of armour.
You are amphibious.
You can wear up to eight rings at the same time.
Your skin changes colour to match your surroundings (Stealth+).
Your rubbery body absorbs attacks. (AC +1, EV +1)
((You are camouflaged when in or above water. (Stealth+)))
You have tentacles for arms and can constrict up to eight enemies at once.


Message History

You kill the hobgoblin!
You barely miss the worm. You grab the worm. You squeeze the worm.
The worm is lightly wounded.
You constrict the worm. The worm closely misses you.
You hit the worm.
The worm is poisoned.
The worm is moderately wounded.
You constrict the worm. You hit the worm.
The worm looks as sick as possible!
The worm is moderately wounded.
You constrict the worm. The worm misses you.
You hit the worm.
The worm looks as sick as possible!
You squeeze the worm!
The worm is almost dead.
You constrict the worm.
You kill the worm!
A rat is nearby!
The helpless rat fails to defend itself.
You puncture the rat!
You kill the rat!
No target in view!
Found a hand axe.
You see here a worm corpse.
You now have 64 gold pieces (gained 17).
j - a scroll labelled CUSIMU AM UMP A bat comes into view.
An orc wizard and an orc come into view.
Found a stone and a scroll labelled PIQAMA GAAPP.
The helpless bat fails to defend itself.
You puncture the bat!
You kill the bat!
An orc and an orc priest come into view.
Found a runed robe.
The orc wizard shouts!
The orc priest shouts!
You hear a shout!
The orc wizard gestures at you while chanting.
The magic dart hits you.
An orc comes into view. It is wielding a +0 club.
The orc hits you with a +0 dagger.
The orc priest mumbles some strange prayers to Beogh against you.
Pain shoots through your body!
Ouch! That really hurt!
You die...

........#....##..
........................
..##.##.#..#####........
..##. #....## #[...?...
.. ). ###...# #..o..o..
.... #...####...o...o ..
#......#...(....
#..###.#.o...... #..#
#..@# #..##........#
#..##....$...#
...##........# ..#.
#........# #...
.######### .. ...


You could see an orc priest, an orc wizard and 3 orcs.

Vanquished Creatures
  A worm (D:2)
  3 dart slugs
  3 ball pythons (D:1)
  3 bats
  3 endoplasms
  4 goblins
  5 hobgoblins
  A kobold (D:1)
  2 frilled lizards
  3 rats
28 creatures vanquished.

Vanquished Creatures (others)
  19 foxfires
19 creatures vanquished.

Grand Total: 47 creatures vanquished

Notes
Turn   | Place    | Note
-------+----------+-------------------------------------------
     0 | D:1      | croobank the Octopode Fire Elementalist began the quest for
                  | the Orb.
     0 | D:1      | Reached XP level 1. HP: 11/11 MP: 3/3
   258 | D:1      | Reached XP level 2. HP: 12/17 MP: 3/5
   261 | D:1      | Learned a level 2 spell: Scorch
   757 | D:1      | Found The Oracle's Delphic Readings.
   763 | D:1      | Bought a scroll of identify for 20 gold pieces
   865 | D:2      | Reached XP level 3. HP: 22/22 MP: 6/6
   869 | D:2      | Learned a level 3 spell: Inner Flame
  1086 | D:2      | Killed from afar by an orc priest

Illustrated notes

Levels and vault maps discovered:
D:1:      minmay_arrival_checkered_box, layout_basic,
          nicolae_nh_oracle_at_delphi
D:2:      layout_rooms, bh_walls_and_bars

Skill      XL: |  1  2 |
---------------+-------+-----
Stealth        | 3 |  3.2
Fighting       | |  0.6
Dodging        | |  2.4
Spellcasting   | |  2.2
Conjurations   | |  1.6
Fire Magic     | |  3.3

Action                     || total
---------------------------++-------
  Melee: Dagger            ||    30
         Tentacles         ||     6
         Constrict         ||     5
         Punch             ||     1
   Cast: Foxfire           ||    11
         Scorch            ||     2
    Use: Scroll            ||     1
   Stab: Sleeping          ||     8
  Dodge: Dodged            ||    10
